 Dungeon Crawl Stone Soup version 0.29.1-1-gd02db6906a (webtiles) character file.

Game seed: 15754521636400054073

36 Demigod47 the Covered (level 3, 0/33 HPs)
             Began as a Minotaur Fighter on Oct 18, 2022.
             Was a Follower of Uskayaw.
             Slain by a goblin
             ... wielding a +0 club
             ... led by Robin
              (1 damage)
             ... on level 2 of the Dungeon.
             The game lasted 00:03:02 (1499 turns).

Demigod47 the Covered (Minotaur Fighter)            Turns: 1499, Time: 00:03:02

Health: 0/33       AC:  7    Str: 22    XL:     3   Next: 19%
Magic:  2/2        EV:  9    Int:  5    God:    Uskayaw [*.....]
Gold:   81         SH:  4    Dex:  9    Spells: 2/2 levels left

rFire   . . .      SeeInvis .   a - +0 flail
rCold   . . .      Faith    .   c - +0 buckler
rNeg    . . .      Spirit   .   b - +0 scale mail
rPois   .          Reflect  .   (helmet restricted)
rElec   .          Harm     .   (no cloak)
rCorr   .          Rampage  .   (no gloves)
Will    .....                   (no boots)
Stlth   ..........              (no amulet)
HPRegen 0.11/turn               (no ring)
MPRegen 0.08/turn               (no ring)

@: mighty
A: horns 2, retaliatory headbutt
a: Renounce Religion, Stomp


You were on level 2 of the Dungeon.
You worshipped Uskayaw.
Uskayaw was noncommittal.
You visited 1 branch of the dungeon, and saw 2 of its levels.

You collected 81 gold pieces.

Inventory:

Hand Weapons
 a - a +0 flail (weapon)
Armour
 b - a +0 scale mail (worn)
 c - a +0 buckler (worn)
Scrolls
 e - a scroll of identify {unknown}
 h - a scroll of fear {unknown}
 j - a scroll of teleportation {unknown}
 k - 3 scrolls of noise {unknown}
Potions
 d - a potion of might
 f - a potion of heal wounds {unknown}
 g - a potion of magic {unknown}
 i - a potion of brilliance {unknown}
 l - a potion of attraction {unknown}
 m - a potion of lignification {unknown}


   Skills:
 + Level 4.0 Fighting
 * Level 3.4 Maces & Flails
 + Level 4.0 Armour
 + Level 0.3 Dodging
 + Level 3.9 Shields


You had 2 spell levels left.
You didn't know any spells.
Your spell library was empty.

Dungeon Overview and Level Annotations

Branches:
Dungeon (2/15)

Altars:
Uskayaw

Shops:
D:1 *   D:2 *

Annotations:
D:2 Robin


Innate Abilities, Weirdness & Mutations

You have a pair of horns on your head.
You reflexively headbutt those who attack you in melee.


Message History

The goblin hits you with a +0 club.
You closely miss the goblin.
A goblin comes into view. It is wielding a +0 club.
The goblin hits you with a +0 club. x2; The goblin moves out of view.
You closely miss the goblin. Your headbutt misses the goblin.
The goblin hits you with a +0 club.
You sock the goblin!
You kill the goblin!
Robin throws the goblin at you! The goblin barely misses you.
You barely miss the goblin. You headbutt the goblin.
The goblin is moderately wounded.
The goblin hits you with a +0 club.
A goblin comes into view. It is wielding a +0 club.
The goblin hits you with a +0 dagger.
You miss the goblin.
The goblin shouts!
You headbutt the goblin, but do no damage.
The goblin is moderately wounded.
The goblin hits you but does no damage. The goblin closely misses you.
The goblin misses you. x2
You feel very mighty all of a sudden. The goblin hits you with a +0 club.
* * * LOW HITPOINT WARNING * * *
The goblin closely misses you.
Okay, then.
You sock the goblin!
You kill the goblin!
The goblin no longer looks unusually strong.
Robin throws the goblin at you! The goblin hits you with a +0 club.
* * * LOW HITPOINT WARNING * * *
The goblin hits you with a +0 dagger.
* * * LOW HITPOINT WARNING * * *
You closely miss the goblin.
The goblin is moderately wounded.
The goblin hits you but does no damage. The goblin closely misses you.
You thump the goblin!
You kill the goblin!
The goblin no longer looks unusually strong.
The goblin hits you with a +0 club.
You die...

#.# ##...####........# #.#
#...####........# #.#
####.....##........######
#.#
#......#..#†##.<........#
#.#
#.##...##...............#
#.#
##.#########.##..........#
#.###..# #[##..........#
#.##..## #g##..........#
..#..## #@##..........#
....## #g##..........#
#......# #.#..##########
......## #gg.## #.###.#
#....gg### #.# ..#
...###g.# #.# #... ...##
#.# ...> .... #.#
.##.g#..g


You could see Robin, 2 hobgoblins and 4 goblins.

Vanquished Creatures
  An adder (D:2)
  3 endoplasms (D:1)
  7 goblins
  A hobgoblin (D:1)
  5 kobolds
  5 bats
  A frilled lizard (D:1)
  2 rats (D:1)
25 creatures vanquished.

Notes
Turn   | Place    | Note
-------+----------+-------------------------------------------
     0 | D:1      | Demigod47 the Minotaur Fighter began the quest for the Orb.
     0 | D:1      | Reached XP level 1. HP: 19/19 MP: 0/0
    15 | D:1      | Found Ilocoar's Assorted Antiques.
   324 | D:1      | Reached XP level 2. HP: 25/27 MP: 1/1
   601 | D:1      | Found a faded altar of an unknown god.
   610 | D:1      | Prayed at the altar of an unknown god.
   610 | D:1      | Became a worshipper of Uskayaw the Reveller
   610 | D:1      | Reached * piety under Uskayaw
  1179 | D:2      | Reached ** piety under Uskayaw
  1181 | D:2      | Reached *** piety under Uskayaw
  1182 | D:2      | Reached XP level 3. HP: 17/33 MP: 2/2
  1478 | D:2      | Found Xohojan's General Store.
  1481 | D:2      | Noticed Robin
  1497 | D:2      | HP: 1/33 [goblin/+0 dagger[Robin] (2)]
  1499 | D:2      | Slain by a goblin

Illustrated notes

Levels and vault maps discovered:
D:1:      dpeg_arrival_tiny_i, layout_basic,
          shapermc_ecumenical_altar_mp_highgroup, serial_shops,
          nicolae_shop_overgrown_old_shop
D:2:      layout_rooms, serial_shops, nicolae_shop_advertising_works
          [nicolae_subvault_shop_adworks], uniq_robin, uniq_sigmund

Skill      XL: |  1  2  3 |
---------------+----------+-----
Maces & Flails | 3 |  3.4
Armour         | 4 |  4.0
Fighting       | 4 |  4.0
Dodging        | |  0.3
Shields        | |  3.9

Action                   || total
-------------------------++-------
Melee: Flail             ||    56
       Headbutt          ||     6
  Use: Potion            ||     1
Armor: Scale mail        ||    39
Dodge: Dodged            ||    47
Block: Buckler           ||    13
